 Dungeon Crawl Stone Soup version 0.29-a0-266-gf56f883ddd (webtiles) character file.

Game seed: 31396057484334517

533 Morbidden the Magician (level 7, -1/49 HPs)
             Began as a Djinni Fire Elementalist on Mar 6, 2022.
             Slain by Pikel
             ... wielding a +0 whip of freezing
              (5 damage)
             ... on level 4 of the Dungeon.
             The game lasted 00:05:27 (7125 turns).

Morbidden the Magician (Djinni Fire Elementalist)   Turns: 7125, Time: 00:05:28

Health: -1/49      AC:  4    Str:  9    XL:     7   Next: 49%
Gold:   198        EV: 12    Int: 17    God:
                   SH:  0    Dex: 13

rFire   + + .      SeeInvis .   a - +1 dagger (elec)
rCold   x . .      Faith    .   (no shield)
rNeg    . . .      Spirit   .   k - +0 robe
rPois   ∞          Reflect  .   m - +2 hat
rElec   .          Harm     .   (no cloak)
rCorr   .          Rampage  .   (no gloves)
Will    .....                   (boots unavailable)
Stlth   ++........              (no amulet)
HPRegen 0.16/turn               (no ring)
MPRegen 0.00/turn               (no ring)

@: flying
A: sickness immunity, fire resistance 2, cold vulnerability 1, float, innate
caster, HP casting, extra vitality 1
a: no special abilities


You were on level 4 of the Dungeon.
You visited 1 branch of the dungeon, and saw 4 of its levels.

You collected 198 gold pieces.

Inventory:

Hand Weapons
 a - a +1 dagger of electrocution (weapon)
Missiles
 l - 8 poisoned darts
Armour
 k - a +0 robe (worn)
 m - a +2 hat (worn)
Jewellery
 h - a ring of ice
Scrolls
 c - 2 scrolls of silence {unknown}
 d - 3 scrolls of identify {unknown}
 g - a scroll of enchant weapon {unknown}
Potions
 b - a potion of might {unknown}
 e - 2 potions of haste {unknown}
 f - 3 potions of attraction {unknown}
 i - 2 potions of heal wounds {unknown}
 j - 2 potions of cancellation {unknown}
 n - 2 potions of lignification {unknown}


   Skills:
 * Level 2.1 Fighting
 * Level 1.3 Short Blades
 + Level 2.4 Dodging
 + Level 2.2 Stealth
 * Level 5.5 Spellcasting


You couldn't memorise any spells.
You knew the following spells:

 Your Spells              Type           Power      Damage    Failure   Level
a - Foxfire               Conj/Fire      92%        2x1d8     1%          1
b - Scorch                Fire           46%        2d7       2%          2
c - Call Imp              Summ           23%        N/A       2%          2
d - Conjure Flame         Conj/Fire      23%        6-21      4%          3
e - Flame Wave            Conj/Fire      23%        2d7       14%         4
f - Shock                 Conj/Air       92%        1d8       1%          1
g - Searing Ray           Conj           46%        2d6       2%          2
z - Inner Flame           Hex/Fire       23%        N/A       4%          3
Your spell library was empty.

Dungeon Overview and Level Annotations

Branches:
Dungeon (4/15)
 Temple: D:4-7

Altars:
Gozag
Nemelex Xobeh
Wu Jian
Yredelemnul
The Shining One

Shops:
D:3 *

Annotations:
D:4 1 runed translucent door, Heedrag's ghost, amateur MiFi; Pikel


Innate Abilities, Weirdness & Mutations

You are immune to sickness and miasma.
You are immune to poison.
Your flesh is very heat resistant. (rF++)
You are vulnerable to cold. (rC-)
You float through the air rather than walking.
You learn spells naturally, not from books.
Your magical power is your life essence.
You have superior vitality. (+4 MHP)


Message History

Casting: Scorch (safe; 2% risk of failure)
Confirm with . or Enter, or press ? or * to list all spells.
Flames lash the lemure.
The lemure is burned terribly!
You kill the lemure!
That felt strangely unrewarding.
Casting: Scorch (safe; 2% risk of failure)
Confirm with . or Enter, or press ? or * to list all spells.
You conjure some foxfire!
Heedrag's ghost whispers, "They're coming for you..."
Pikel hits you with a +0 whip of freezing!
Pikel freezes you.
Unknown command.
Casting: Foxfire (safe; 1% risk of failure)
Confirm with . or Enter, or press ? or * to list all spells.
Flames lash Pikel but do no damage.
The foxfire hits Pikel but does no damage.
The foxfire hits Pikel.
Pikel is lightly wounded.
Pikel hits you with a +0 whip of freezing.
Pikel freezes you.
Unknown command.
Casting: Scorch (safe; 2% risk of failure)
Confirm with . or Enter, or press ? or * to list all spells.
Flames lash Pikel.
Pikel is moderately wounded.
Pikel's fire resistance burns away.
Pikel hits you with a +0 whip of freezing!
* * * LOW HITPOINT WARNING * * *
Pikel freezes you.
* * * LOW HITPOINT WARNING * * *
Unknown command.
Unknown command.
Pikel attacks as you move away!
Pikel hits you with a +0 whip of freezing.
* * * LOW HITPOINT WARNING * * *
Pikel freezes you.
* * * LOW HITPOINT WARNING * * *
Pikel attacks as you move away!
Pikel hits you with a +0 whip of freezing.
You die...

#.# # ##...##.##..)..# # #.##.#
#...##...##....# # .....
#..##.....##..<# # ..#### ###
#..#⌠.!♣?.⌠#...# # ...... ..#
#..##.....##...# # #####
#.####...##W..##....###### #####
#.#.......##⌠##...........
#...####.#.##.....###....########
.....##....###..@K.......#
...........####........#.#
............# ########.#.########
............# #.#........#
............# # ########.#
....##.....## #....# ...####....#
#.#### ....# ####.####### #.#
....######.#...... #.#


You could see Pikel (combustible) and Heedrag's ghost.

Vanquished Creatures
  Eustachio (D:4)
  A black bear (D:4)
  A phantom (D:3)
  4 lemures
  A scorpion (D:4)
  An orc wizard (D:4)
  3 adders (D:2)
  3 worms
  5 dart slugs
  9 orcs
  11 ball pythons
  4 endoplasms
  A giant cockroach (D:2)
  9 goblins
  5 hobgoblins
  11 jackals
  4 quokkas
  11 bats
  A frilled lizard (D:1)
  6 kobolds
  6 rats
98 creatures vanquished.

Vanquished Creatures (others)
  502 foxfires
502 creatures vanquished.

Grand Total: 600 creatures vanquished

Notes
Turn   | Place    | Note
-------+----------+-------------------------------------------
     0 | D:1      | Morbidden the Djinni Fire Elementalist began the quest for
                  | the Orb.
     0 | D:1      | Reached XP level 1. HP: 15/15 MP: 0/0
   535 | D:1      | Reached XP level 2. HP: 17/22 MP: 0/0
  1406 | D:1      | Reached skill level 3 in Spellcasting
  1406 | D:1      | Reached XP level 3. HP: 23/26 MP: 0/0
  1406 | D:1      | Learned a level 1 spell: Shock
  3021 | D:2      | Reached XP level 4. HP: 29/31 MP: 0/0
  3166 | D:2      | Reached skill level 1 in Fighting
  4037 | D:2      | Reached XP level 5. HP: 33/37 MP: 0/0
  4037 | D:2      | Learned a level 2 spell: Searing Ray
  4689 | D:3      | Reached skill level 4 in Spellcasting
  4842 | D:3      | Noticed a phantom
  5043 | D:3      | Found a basalt altar of Yredelemnul.
  5133 | D:3      | Found Murohepa's General Store.
  5401 | D:3      | Found an ornate altar of the Wu Jian Council.
  5403 | D:3      | Found a glowing golden altar of the Shining One.
  5404 | D:3      | Found a sparkling altar of Nemelex Xobeh.
  5405 | D:3      | Found an opulent altar of Gozag.
  5521 | D:3      | Found a basalt altar of Yredelemnul.
  5530 | D:3      | Found Murohepa's General Store.
  5604 | D:3      | Killed a phantom
  5605 | D:3      | Reached XP level 6. HP: 20/42 MP: 0/0
  6072 | D:3      | Found an ornate altar of the Wu Jian Council.
  6073 | D:3      | Found a glowing golden altar of the Shining One.
  6074 | D:3      | Found a sparkling altar of Nemelex Xobeh.
  6075 | D:3      | Found an opulent altar of Gozag.
  6151 | D:4      | Noticed Heedrag's ghost (amateur MiFi)
  6151 | D:4      | Noticed Eustachio
  6151 | D:4      | Found a runed translucent door.
  6156 | D:4      | Killed Eustachio
  6157 | D:4      | Reached skill level 1 in Short Blades
  6227 | D:4      | Reached skill level 5 in Spellcasting
  6227 | D:4      | Reached XP level 7. HP: 43/49 MP: 0/0
  6227 | D:4      | Learned a level 2 spell: Call Imp
  7112 | D:4      | Noticed Pikel
  7125 | D:4      | Slain by Pikel

Illustrated notes

Levels and vault maps discovered:
D:1:      amcnicky_arrival_underground_garden, layout_basic
D:2:      minmay_recursive_quarters, layout_basic
D:3:      layout_rooms, mainiacjoe_overflow_24_doors,
          mainiacjoe_overflow_alcove_3, serial_shops, shop, minmay_surrounded
D:4:      layout_loops_ring, hellmonk_ghost_happy_afterlife, uniq_eustachio,
          uniq_pikel

Skill      XL: |  1  2  3  4  5  6 |
---------------+-------------------+-----
Spellcasting   | 3 4 5 |  5.5
Fighting       | 1 2 |  2.1
Stealth        | 2 |  2.2
Short Blades   | 1 |  1.3
Dodging        | |  2.4

Action                   |  1- 3 |  4- 6 |  7- 9 || total
-------------------------+-------+-------+-------++-------
Melee: Dagger            |       |     5 |       ||     5
 Cast: Foxfire           |   138 |   116 |    51 ||   305
       Scorch            |     4 |    18 |     9 ||    31
       Call Imp          |       |       |     3 ||     3
 Stab: Sleeping          |       |     1 |       ||     1
Armor: Robe              |     2 |     2 |       ||     4
Dodge: Dodged            |    10 |    12 |     3 ||    25

Table legend: (Time is in decaauts)
 A = Elapsed time spent in this place.
 B = Non-inter-level travel time spent in this place.
 C = Inter-level travel time spent in this place.
 D = Time resting spent in this place.
 E = Time spent auto-exploring this place.
 F = Levels seen in this place.
 G = Mean time per level.
                   A        B        C        D        E       F      G
               +--------+--------+--------+--------+--------+-----+--------+
         Total |   7125 |   6991 |    134 |    412 |   5972 |   4 | 1781.2 |
       Dungeon |   7125 |   6991 |    134 |    412 |   5972 |   4 | 1781.2 |
               +--------+--------+--------+--------+--------+-----+--------+

Top non-repeatable levels by time:
     D:2: 2242 daAuts
     D:3: 2121 daAuts
     D:1: 2120 daAuts
     D:4: 642 daAuts
